 Dungeon Crawl Stone Soup version 0.27-a0-1147-gb3d8e82157 (webtiles) character file.

Game seed: 10323433013432934493

5897 st0uf the Twirler (level 10, -6/61 HPs)
             Began as a Gargoyle Gladiator on May 11, 2021.
             Was a Believer of Okawaru.
             Mangled by a cane toad (8 damage)
             ... on level 1 of the Lair of Beasts.
             The game lasted 00:43:15 (11607 turns).

st0uf the Twirler (Gargoyle Gladiator)             Turns: 11607, Time: 00:43:16

Health: -6/61      AC: 18    Str: 17    XL:     10   Next: 82%
Magic:  12/18      EV: 11    Int: 13    God:    Okawaru [**....]
Gold:   325        SH:  0    Dex: 11    Spells: 11/20 levels left

rFire    . . .     SeeInvis .   a - +0 quarterstaff
rCold    . . .     Faith    .   (shield currently unavailable)
rNeg     + . .     Spirit   .   i - +0 ring mail
rPois    ∞         Reflect  .   c - +0 helmet
rElec    +         Harm     .   M - +0 cloak
rCorr    +         Rampage  .   (no gloves)
Will     .....                  D - +1 pair of boots
Stlth    ++........             k - amulet of the acrobat
HPRegen  0.20/turn              n - ring of resist corrosion
MPRegen  0.16/turn              r - +4 ring of slaying

@: confusing by touch
A: sickness immunity, AC +7, negative energy resistance 1, electricity
resistance, torment resistance 1, petrification resistance
a: Renounce Religion, Heroism


You were on level 1 of the Lair of Beasts.
You worshipped Okawaru.
Okawaru was pleased with you.
You visited 3 branches of the dungeon, and saw 11 of its levels.
You also visited: Sewer.

You collected 467 gold pieces.
You spent 142 gold pieces at shops.

Inventory:

Hand Weapons
 a - a +0 quarterstaff (weapon)
Missiles
 d - 3 throwing nets
 p - 14 javelins
 q - 80 poisoned darts
 I - 6 boomerangs (quivered)
 K - 178 stones
Armour
 c - a +0 helmet (worn)
 i - a +0 ring mail (worn)
 B - a +0 scale mail
 C - a +2 robe of positive energy
 D - a +1 pair of boots (worn)
 M - a +0 cloak (worn)
Magical Staves
 s - a staff of conjuration
Jewellery
 k - an amulet of the acrobat (around neck)
 n - a ring of resist corrosion (left hand)
 r - a +4 ring of slaying (right hand)
Wands
 G - a wand of digging (4)
 J - a wand of iceblast (11)
 P - a wand of flame (26)
Scrolls
 e - 2 scrolls of amnesia {unknown}
 h - 2 scrolls of immolation {unknown}
 l - 8 scrolls of teleportation
 m - a scroll of identify
 o - 3 scrolls of fear
 u - a scroll of magic mapping {unknown}
 v - 2 scrolls of fog {unknown}
 y - 3 scrolls of blinking {unknown}
 E - a scroll of enchant weapon {unknown}
 H - a scroll of summoning {unknown}
 L - 2 scrolls of acquirement {unknown}
 Q - a scroll of brand weapon {unknown}
 R - a scroll of silence {unknown}
Potions
 b - a potion of lignification {unknown}
 f - a potion of resistance {unknown}
 g - 4 potions of mutation
 j - 3 potions of haste
 t - 4 potions of curing
 w - 2 potions of degeneration {unknown}
 x - 3 potions of brilliance
 z - 3 potions of magic {unknown}
 A - a potion of might
 F - 3 potions of heal wounds
 N - 2 potions of berserk rage
 O - 2 potions of ambrosia


   Skills:
 + Level 6.8 Fighting
 + Level 6.9 Staves
 + Level 5.4 Throwing
 + Level 6.1 Armour
 - Level 2.4 Dodging
 - Level 6.0 Stealth
 * Level 5.9 Spellcasting
 * Level 5.9 Hexes


You had 11 spell levels left.
You knew the following spells:

 Your Spells              Type           Power      Damage    Failure   Level
a - Confusing Touch       Hex            19%        N/A       8%          3
b - Petrify               Tmut/Erth      3%         N/A       96%         4
c - Slow                  Hex            19%        N/A       3%          2

Your spell library contained the following spells:

 Spells                   Type           Power      Damage    Failure   Level
 Magic Dart               Conj           12%        1d3       28%         1
 Blink                    Tloc           N/A        N/A       41%         2
 Call Imp                 Summ           3%         N/A       41%         2
 Conjure Flame            Conj/Fire      3%         6-21      65%         3
 Gell's Gravitas          Tloc           1%         N/A       65%         3
 Mephitic Cloud           Conj/Pois/Air  3%         N/A       65%         3
 Metabolic Englaciation   Hex/Ice        5%         N/A       93%         5
 Yara's Violent Unravell  Hex/Tmut       5%         3d4       93%         5


Dungeon Overview and Level Annotations

Branches:
Dungeon (9/15)             Temple (1/1) D:7            Lair (1/6) D:8
  Sewer (visited)
    Orc: D:9-12

Altars:
Ashenzari
Cheibriados
Dithmenos
Elyvilon
Fedhas
Gozag
Hepliaklqana
Kikubaaqudgha
Makhleb
Nemelex Xobeh
Okawaru
Qazlal
Ru
Sif Muna
Trog
Uskayaw
Vehumet
Wu Jian
Xom
Yredelemnul
Zin
The Shining One

Shops:
D:2 [   D:8 :?

Annotations:
D:3 3 runed translucent doors, Tramtrist's ghost, weakling DDFi


Innate Abilities, Weirdness & Mutations

You are immune to sickness and miasma.
Your stone body is resilient. (AC +7)
You are immune to poison.
You resist negative energy. (rN+)
You are resistant to electric shocks. (rElec)
You are resistant to unholy torment.
You are immune to petrification.


Message History

You catch the helpless wolf completely off-guard!
You hit the wolf.
The wolf is lightly wounded.
The wolf closely misses you.
You barely miss the wolf.
The wolf is lightly wounded.
The wolf misses the wolf.
The wolf barely misses itself.
You strike the helpless wolf from behind!
You sock the wolf!
The wolf is heavily wounded.
You thump the wolf!
The wolf is almost dead.
The wolf closely misses you.
You hit the wolf.
You kill the wolf!
Okawaru accepts your kill.
You closely miss the wolf. The wolf bites you. The wolf bites you!
You miss the wolf. The wolf closely misses you. The wolf barely misses you.
You completely miss the wolf. The wolf barely misses you.
You thump the wolf!
The wolf is severely wounded.
The wolf closely misses you. The wolf barely misses you.
You sock the wolf!
You kill the wolf!
Okawaru accepts your kill. The cane toad stings you!
Casting: Confusing Touch (dangerous; 8% risk of failure)
Confirm with . or Enter, or press ? or * to list all spells.
Your hands begin to glow red.
The cane toad stings you but does no damage.
You hit the cane toad but do no damage. The cane toad barely misses you.
You hit the cane toad but do no damage. The cane toad stings you.
* * * LOW HITPOINT WARNING * * *
You hit the cane toad but do no damage. The cane toad stings you.
* * * LOW HITPOINT WARNING * * *
You hit the cane toad but do no damage. The cane toad stings you!
* * * LOW HITPOINT WARNING * * *
The cane toad closely misses you.
You hit the cane toad but do no damage. The cane toad stings you!
You die...

.. .. #. #.# #.. #.. #.##
.. #.@## # .. .#####
###F###.# #. ... ..##
###h?.h#... #. ##.# #.##
#..h.?...... #. P.#
#..###......###.. #.###.#
#.#.#.#####.#
##..##.####..#..#####.# #
#P.<..............##P.# .#
#####..............#P.##..#


You could see a cane toad and 2 wolves.

Vanquished Creatures
  Pikel (D:6)
  Prince Ribbit (D:5)
  A wraith (D:9)
  Sigmund (D:4)
  A wyvern (D:9)
  2 yaks (D:9)
  5 humans
  Edmund (D:4)
  3 water moccasins
  An orc warrior (D:8)
  2 black bears
  2 ice beasts
  A necrophage (D:4)
  3 centaurs
  4 wolves (Lair:1)
  An ogre (D:5)
  2 phantoms
  4 lemures (D:6)
  2 kobold brigands
  4 bullfrogs
  2 scorpions
  A gnoll sergeant (D:4)
  9 killer bees
  4 wights (D:7)
  2 jellies
  Crazy Yiuf (D:6)
  A gnoll shaman (D:6)
  2 orc priests
  6 hounds
  A bullfrog skeleton (D:5)
  A centaur skeleton (D:5)
  7 iguanas
  7 gnolls
  11 adders
  A river rat (Sewer)
  A shadow imp (D:6)
  2 white imps
  4 worms
  3 dart slugs
  23 orcs
  17 endoplasms
  3 giant cockroaches
  7 goblins
  3 hobgoblins
  3 jackals (D:5)
  18 kobolds
  5 quokkas
  12 ball pythons
  2 bats (D:2)
  6 frilled lizards
  33 rats
240 creatures vanquished.

Vanquished Creatures (others)
  45 fungi
  38 plants
  9 toadstools (D:3)
92 creatures vanquished.

Grand Total: 332 creatures vanquished

Notes
Turn   | Place    | Note
-------+----------+-------------------------------------------
     0 | D:1      | st0uf the Gargoyle Gladiator began the quest for the Orb.
     0 | D:1      | Reached XP level 1. HP: 12/12 MP: 1/1
   149 | D:1      | Reached XP level 2. HP: 18/18 MP: 2/2
   248 | D:1      | Found a faded altar of an unknown god.
   276 | D:1      | Reached skill level 1 in Armour
  1008 | D:2      | Reached XP level 3. HP: 21/22 MP: 3/3
  1189 | D:2      | Found Oxiu's Antique Armour Shoppe.
  1577 | D:3      | Reached XP level 4. HP: 14/28 MP: 4/4
  2461 | D:3      | Learned a level 3 spell: Confusing Touch
  2482 | D:3      | Reached XP level 5. HP: 28/32 MP: 5/5
  2662 | D:3      | Found a runed translucent gate.
  2663 | D:3      | Found a runed translucent gate.
  2664 | D:3      | Found a runed translucent gate.
  2668 | D:3      | Noticed Tramtrist's ghost (weakling DDFi)
  2884 | D:3      | Found a snail-covered altar of Cheibriados.
  3267 | D:4      | Reached skill level 1 in Spellcasting
  3279 | D:4      | Reached skill level 1 in Hexes
  3355 | D:4      | Found a glowing drain.
  3389 | Sewer    | Entered a sewer
  3559 | Sewer    | Reached XP level 6. HP: 37/37 MP: 7/7
  3616 | Sewer    | Reached skill level 1 in Stealth
  4235 | D:4      | Noticed Sigmund
  4245 | D:4      | Killed Sigmund
  4246 | D:4      | Reached XP level 7. HP: 40/43 MP: 8/10
  4275 | D:4      | Noticed Edmund
  4661 | D:4      | Killed Edmund
  4898 | D:4      | Reached XP level 8. HP: 45/48 MP: 12/12
  5168 | D:5      | Entered Level 5 of the Dungeon
  5544 | D:5      | Noticed Prince Ribbit
  5768 | D:5      | Killed Prince Ribbit
  6168 | D:5      | Reached skill level 5 in Fighting
  6168 | D:5      | Reached skill level 5 in Staves
  6265 | D:6      | Reached XP level 9. HP: 54/54 MP: 15/15
  6533 | D:6      | Noticed Pikel
  6564 | D:6      | Killed Pikel
  6786 | D:6      | Learned a level 4 spell: Petrify
  6945 | D:6      | Learned a level 2 spell: Slow
  7443 | D:6      | Found a runed translucent door.
  7444 | D:6      | Noticed Crazy Yiuf
  7457 | D:6      | Killed Crazy Yiuf
  8186 | D:7      | Reached skill level 5 in Armour
  8186 | D:7      | Reached skill level 5 in Spellcasting
  8186 | D:7      | Reached skill level 5 in Hexes
  8426 | D:7      | Found a staircase to the Ecumenical Temple.
  8453 | Temple   | Entered the Ecumenical Temple
  8534 | Temple   | Became a worshipper of Warmaster Okawaru
  8997 | D:8      | Reached skill level 5 in Stealth
  9009 | D:8      | Reached XP level 10. HP: 38/60 MP: 17/17
  9578 | D:8      | Found Vykangett's Magic Scroll Shoppe.
  9678 | D:8      | Identified the -5 cloak of Resourcefulness {rN+}
  9730 | D:8      | Bought a scroll of teleportation for 45 gold pieces
  9730 | D:8      | Bought a scroll of noise for 15 gold pieces
  9730 | D:8      | Bought a scroll of fear for 52 gold pieces
  9730 | D:8      | Bought a scroll of identify for 30 gold pieces
  9826 | D:8      | Reached skill level 5 in Throwing
 10018 | D:8      | Found a staircase to the Lair.
 10615 | D:9      | Reached * piety under Okawaru
 11365 | D:8      | Found Ahupefei's Book Boutique.
 11533 | Lair:1   | Entered Level 1 of the Lair of Beasts
 11578 | Lair:1   | Reached ** piety under Okawaru
 11584 | Lair:1   | Noticed a cane toad
 11606 | Lair:1   | HP: 2/61 [cane toad (9)]
 11607 | Lair:1   | Mangled by a cane toad

Illustrated notes

Levels and vault maps discovered:
D:1:      minmay_arrival_doors, layout_loops_ring,
          shapermc_ecumenical_altar_totnotflames, hex_tiny, serial_park_tiny_1
D:2:      layout_loops_cross, serial_shops, shop
D:3:      cheibrodos_fertilizer, layout_basic, slow_altar_2,
          gammafunk_ghost_split
D:4:      layout_basic, cheibrodos_sewer_entry_bend, sigmund_edmund_badplayer
D:5:      layout_gridville, uniq_prince_ribbit1
D:6:      layout_basic, supply_closet_lemuel, uniq_edmund, uniq_pikel,
          uniq_crazy_yiuf_cottage, uniq_sigmund
D:7:      layout_basic, minmay_temple_entry_proselytizer
D:8:      layout_gridville, due_lair_maze_entry_diamond, serial_shops,
          shop_statue, shop, serial_bayou_pond_e, minivault_10, minmay_ruffians
D:9:      layout_irregular_city, uniq_joseph
Temple:   grunt_wide_crystal_templ
Lair:1:   layout_loops_ring, grunt_megastairs_1

Skill      XL: |  1  2  3  4  5  6  7  8  9 10 |
---------------+-------------------------------+-----
Throwing       | 2 3 4 5 |  5.4
Armour         | 1 2 3 4 5 6 |  6.1
Fighting       | 3 4 5 6 |  6.8
Spellcasting   | 1 2 4 5 |  5.9
Hexes          | 1 2 4 5 |  5.9
Stealth        | 2 3 5 6 |  6.0
Staves         | 4 5 6 |  6.9
Dodging        | |  2.4

Action                   |  1- 3 |  4- 6 |  7- 9 | 10-12 || total
-------------------------+-------+-------+-------+-------++-------
Melee: Quarterstaff      |    99 |   255 |   383 |   244 ||   981
Throw: Javelin           |       |       |     9 |       ||     9
       Boomerang         |       |       |     5 |       ||     5
 Cast: Confusing Touch   |       |       |     6 |    12 ||    18
  Use: Potion            |       |     1 |       |       ||     1
       Scroll            |       |       |       |     9 ||     9
 Stab: Sleeping          |       |       |     4 |       ||     4
       Confused          |       |       |     3 |     9 ||    12
       Invisible         |       |       |     1 |       ||     1
Armor: Leather armour    |    16 |       |       |       ||    16
       Ring mail         |    24 |   140 |   169 |   162 ||   495
       Robe              |       |       |     1 |       ||     1
Dodge: Dodged            |    59 |   162 |   237 |   164 ||   622

Table legend: (Time is in decaauts)
 A = Elapsed time spent in this place.
 B = Non-inter-level travel time spent in this place.
 C = Inter-level travel time spent in this place.
 D = Time resting spent in this place.
 E = Time spent auto-exploring this place.
 F = Levels seen in this place.
 G = Mean time per level.
                   A        B        C        D        E       F      G
               +--------+--------+--------+--------+--------+-----+--------+
         Total |  11730 |  11415 |    315 |   2552 |   5870 |  12 |  977.5 |
       Dungeon |  10739 |  10432 |    307 |   2082 |   5777 |   9 | 1193.2 |
        Temple |     90 |     82 |      8 |      0 |     55 |   1 |   90.0 |
          Lair |     72 |     72 |      0 |      0 |     21 |   1 |   72.0 |
         Sewer |    827 |    827 |      0 |    470 |     17 |   1 |  827.0 |
               +--------+--------+--------+--------+--------+-----+--------+

Top non-repeatable levels by time:
     D:6: 1522 daAuts
     D:3: 1386 daAuts
     D:8: 1376 daAuts
     D:4: 1365 daAuts
     D:7: 1287 daAuts
     D:5: 1005 daAuts
     D:9: 1003 daAuts
     D:1: 917 daAuts
     D:2: 875 daAuts
   Sewer: 827 daAuts
  Temple: 90 daAuts
  Lair:1: 72 daAuts
